 Dungeon Crawl Stone Soup version 0.17.0-28-g6e173f8 (webtiles) character file.

233 Deemzul the Insei (level 6, -7/43 HPs)
             Began as an Octopode Monk on Dec 3, 2015.
             Mangled by a mummy (19 damage)
             ... in an ossuary.
             The game lasted 00:03:18 (2328 turns).

Deemzul the Insei (Octopode Monk)                   Turns: 2328, Time: 00:03:18

Health: -7/43      AC:  1    Str: 10    XL:     6   Next: 4%
Magic:  15/15      EV: 20    Int: 12    God:
Gold:   207        SH:  0    Dex: 22    Spells: 0 memorised, 5 levels left

rFire  . . .     SeeInvis .       - Unarmed
rCold  . . .     Clarity  .     (no shield)
rNeg   . . .     SustAt   .     (helmet restricted)
rPois  .         Gourm    +     d - amulet of the gourmand
rElec  .         Spirit   .     e - ring of magical power
rCorr  .         Warding  .     (no ring)
rMut   .         Stasis   .     (no ring)
MR     .....                    (no ring)
Stlth  ++++++....               (no ring)
                                (no ring)
                                (no ring)
                                (no ring)

@: agile, not resistant to hostile enchantments, very stealthy
A: almost no armour, amphibious, 8 rings, constrict 8, camouflage 1, gelatinous
body 1
a: no special abilities


You were in an ossuary.
You were full.

You visited 1 branch of the dungeon, and saw 4 of its levels.
You also visited: Ossuary.

You collected 207 gold pieces.

Inventory:

Jewellery
 d - an amulet of the gourmand (around mantle)
 e - a ring of magical power (left tentacle)
 u - a +1 ring of slaying {unknown}
Wands
 n - a wand of magic darts (27)
Scrolls
 f - a scroll of remove curse {unknown}
 i - 3 scrolls of amnesia {unknown}
 k - 2 scrolls of identify {unknown}
 l - a scroll of teleportation {unknown}
 m - a scroll of immolation {unknown}
 r - a scroll of random uselessness {unknown}
 v - a scroll of noise {unknown}
 w - 2 scrolls of recharging {unknown}
Potions
 c - a potion of might
 o - a potion of curing
 p - a potion of lignification
Comestibles
 a - a bread ration
 b - 2 slices of pizza
 g - a royal jelly
 j - 2 fruits


   Skills:
 + Level 3.9 Fighting
 + Level 4.0 Dodging
 + Level 4.6 Stealth
 * Level 5.3 Unarmed Combat


You had 5 spell levels left.
You didn't know any spells.

Dungeon Overview and Level Annotations

Branches:
Dungeon (4/15)
 Temple: D:4-7

Altars:


Innate Abilities, Weirdness & Mutations

You cannot wear most types of armour.
You are amphibious.
You can wear up to eight rings at the same time.
You can use your tentacles to constrict eight enemies at once.
Your skin changes colour to match your surroundings (Stealth).
Your rubbery body absorbs attacks (AC +1).


Message History

You feel agile. The orc zombie hits you. The mummy hits you!
You tentacle-slap the mummy. You grab the mummy. You tentacle-slap the mummy!
The mummy is heavily damaged.
You constrict the mummy. The orc zombie hits you.
* * * LOW HITPOINT WARNING * * *
The kobold zombie misses you.
You are too injured to fight recklessly!
You are too injured to fight recklessly!
You are too injured to fight recklessly!
You are too injured to fight recklessly!
You barely miss the kobold zombie. You grab the kobold zombie.
You constrict the mummy. You constrict the kobold zombie.
The mummy closely misses you.
You tentacle-slap the orc zombie. You grab the orc zombie.
You constrict the mummy. You constrict the orc zombie.
You constrict the kobold zombie. The orc zombie misses you.
The kobold zombie completely misses you.
The mummy hits you!!
You die...

... ##..## ....
...##....##....
...............
...............
....Z........
#........#
#..Z.M.# #.Z@.#
#....# #....#
#....# #....#
#....# #....#
#....# #.∩∩.#


You could see a mummy, a kobold zombie and 2 orc zombies.

Vanquished Creatures
  An ogre (D:3)
  A worker ant (D:4)
  3 mummies (Ossuary)
  2 adders
  2 worms
  A giant gecko (D:2)
  2 orcs (D:3)
  6 bats
  4 giant cockroaches
  A gnoll zombie (Ossuary)
  9 hobgoblins
  8 kobolds
  A quokka (D:3)
  A ball python (D:1)
  3 giant newts (D:1)
  6 goblins
  3 hobgoblin zombies (Ossuary)
  4 jackals (D:1)
  A kobold zombie (Ossuary)
  5 rats
64 creatures vanquished.

Notes
Turn   | Place    | Note
--------------------------------------------------------------
     0 | D:1      | Deemzul the Octopode Monk began the quest for the Orb.
     0 | D:1      | Reached XP level 1. HP: 16/16 MP: 1/1
    64 | D:1      | Reached XP level 2. HP: 7/21 MP: 2/2
   624 | D:2      | Reached XP level 3. HP: 14/26 MP: 3/3
  1526 | D:3      | Reached XP level 4. HP: 25/31 MP: 4/4
  1585 | D:3      | Noticed an ogre
  1831 | D:3      | Killed an ogre
  1831 | D:3      | Reached skill level 5 in Unarmed Combat
  1831 | D:3      | Reached XP level 5. HP: 37/37 MP: 5/5
  2136 | D:4      | Found a sand-covered staircase.
  2298 | Ossuary  | Entered an ossuary
  2325 | Ossuary  | Reached XP level 6. HP: 30/43 MP: 6/6
  2328 | Ossuary  | Mangled by a mummy

Action                   |  1- 3 |  4- 6 || total
-------------------------+-------+-------++-------
Melee: Unarmed           |    61 |    60 ||   121
  Use: Potion            |       |     8 ||     8
 Stab: Sleeping          |    15 |     2 ||    17
       Distracted        |     1 |       ||     1
  Eat: Chunk             |     8 |     1 ||     9
